3AAA
GRYFINDOR BRAVES @ WILMINGTON BAY HAWKS
08/16/2020
 
TOP OF THE 1ST
Gryfindor Braves batting - Pitching for Wilmington Bay Hawks : RHP Jim Unknown
Pitching: RHP Jim Unknown
Batting: RHB António Santana 0-0: Ball
1-0: Ground out 5-3 (Groundball, 5S)
Batting: RHB Jim Unknown 0-0: Ball
1-0: Foul Ball, location: 2F
1-1: Ground out 4-3 (Groundball, 4)
Batting: SHB Jim Unknown 0-0: Called Strike
0-1: Foul Ball, location: 2F
0-2: Strikes out swinging
Top of the 1st over - 0 run(s), 0 hit(s), 0 error(s), 0 left on base; Gryfindor 0 - Wilmington 0
BOTTOM OF THE 1ST
Wilmington Bay Hawks batting - Pitching for Gryfindor Braves : LHP Jim Unknown
Pitching: LHP Jim Unknown
Batting: LHB Steve Grimes 0-0: SINGLE (Line Drive, 89M)
Batting: LHB Jorge Mojica 0-0: Ball
1-0: Swinging Strike
1-1: Called Strike
1-2: Foul Ball, location: 2F
1-2: Ball
2-2: Ball
3-2: Ground out 3-1 (Groundball, 34)
Steve Grimes to second
Batting: SHB Jim Unknown 0-0: Called Strike
0-1: DOUBLE (Groundball, 5L)
Steve Grimes scores
Batting: LHB Denny Young 0-0: Ball
1-0: Swinging Strike
1-1: Fly out, F7 (Flyball, 7M)
Batting: RHB Jim Unknown 0-0: Called Strike
0-1: Called Strike
0-2: Ball
1-2: Strikes out swinging
Bottom of the 1st over - 1 run(s), 2 hit(s), 0 error(s), 1 left on base; Gryfindor 0 - Wilmington 1
TOP OF THE 2ND
Gryfindor Braves batting - Pitching for Wilmington Bay Hawks : RHP Jim Unknown
Batting: RHB Turner Coleman 0-0: Ground out 6-3 (Groundball, 6M)
Batting: RHB Jim Unknown 0-0: Ball
1-0: Called Strike
1-1: Called Strike
1-2: Foul Ball, location: 2F
1-2: Ground out 1-3 (Groundball, 13S)
Batting: RHB Jim Unknown 0-0: Called Strike
0-1: Ball
1-1: Ground out 5-3 (Groundball, 5S)
Top of the 2nd over - 0 run(s), 0 hit(s), 0 error(s), 0 left on base; Gryfindor 0 - Wilmington 1
BOTTOM OF THE 2ND
Wilmington Bay Hawks batting - Pitching for Gryfindor Braves : LHP Jim Unknown
Batting: LHB Kenny Webster 0-0: Fly out, F5 (Popup, 5)
Batting: SHB José Martínez 0-0: Called Strike
0-1: Ball
1-1: Foul Ball, location: 2F
1-2: Ball
2-2: Foul Ball, location: 2F
2-2: Ball
3-2: Base on Balls
Batting: RHB Jason Nicholson 0-0: Foul Ball, location: 2F
0-1: Foul Ball, location: 2F
0-2: Strikes out swinging
Batting: LHB Salvador Vidal 0-0: Ground out 1-3 (Groundball, 13S)
Bottom of the 2nd over - 0 run(s), 0 hit(s), 0 error(s), 1 left on base; Gryfindor 0 - Wilmington 1
TOP OF THE 3RD
Gryfindor Braves batting - Pitching for Wilmington Bay Hawks : RHP Jim Unknown
Batting: LHB Jim Unknown 0-0: Ground out 4-3 (Groundball, 4M)
Batting: SHB Jim Unknown 0-0: Ball
1-0: Ball
2-0: Ball
3-0: Called Strike
3-1: Swinging Strike
3-2: Foul Ball, location: 2F
3-2: Base on Balls
Batting: LHB Jim Unknown 0-0: SINGLE (Line Drive, 8RS)
Jim Unknown to second
Batting: RHB António Santana 0-0: Ball
1-0: Ball
2-0: Foul Ball, location: 2F
2-1: Ball
3-1: Foul Ball, location: 2F
3-2: Foul Ball, location: 2F
3-2: Foul Ball, location: 2F
3-2: Grounds into double play, 6-4-3 (Groundball, 6)
Top of the 3rd over - 0 run(s), 1 hit(s), 0 error(s), 1 left on base; Gryfindor 0 - Wilmington 1
BOTTOM OF THE 3RD
Wilmington Bay Hawks batting - Pitching for Gryfindor Braves : LHP Jim Unknown
Batting: LHB Steve Grimes 0-0: Fly out, F7 (Flyball, 78M)
Batting: LHB Jorge Mojica 0-0: Called Strike
0-1: Ball
1-1: Ball
2-1: Ground out 4-3 (Groundball, 4)
Batting: SHB Jim Unknown 0-0: Fly out, F8 (Flyball, 8LS)
Bottom of the 3rd over - 0 run(s), 0 hit(s), 0 error(s), 0 left on base; Gryfindor 0 - Wilmington 1
TOP OF THE 4TH
Gryfindor Braves batting - Pitching for Wilmington Bay Hawks : RHP Jim Unknown
Batting: RHB Jim Unknown 0-0: Fly out, F8 (Flyball, 8RM)
Batting: SHB Jim Unknown 0-0: SINGLE (Line Drive, 6D)
Batting: RHB Turner Coleman 0-0: Called Strike
Jim Unknown is caught stealing 2nd base
0-1: Fly out, F5 (Popup, 5SF)
Top of the 4th over - 0 run(s), 1 hit(s), 0 error(s), 0 left on base; Gryfindor 0 - Wilmington 1
BOTTOM OF THE 4TH
Wilmington Bay Hawks batting - Pitching for Gryfindor Braves : LHP Jim Unknown
Batting: LHB Denny Young 0-0: Foul Ball, location: 2F
0-1: Fly out, F9 (Flyball, 9D)
Batting: RHB Jim Unknown 0-0: Swinging Strike
0-1: Ground out 1-3 (Groundball, 13)
Batting: LHB Kenny Webster 0-0: Foul Ball, location: 2F
0-1: Ball
1-1: Foul Ball, location: 2F
1-2: Ball
2-2: Ground out U3 (Groundball, 3)
Bottom of the 4th over - 0 run(s), 0 hit(s), 0 error(s), 0 left on base; Gryfindor 0 - Wilmington 1
TOP OF THE 5TH
Gryfindor Braves batting - Pitching for Wilmington Bay Hawks : RHP Jim Unknown
Batting: RHB Jim Unknown 0-0: Ball
1-0: Ball
2-0: Called Strike
2-1: Ground out 4-3 (Groundball, 4)
Batting: RHB Jim Unknown 0-0: Called Strike
0-1: Foul Ball, location: 2F
0-2: Strikes out looking
Batting: LHB Jim Unknown 0-0: Ball
1-0: Ball
2-0: Called Strike
2-1: Swinging Strike
2-2: Strikes out looking
Top of the 5th over - 0 run(s), 0 hit(s), 0 error(s), 0 left on base; Gryfindor 0 - Wilmington 1
BOTTOM OF THE 5TH
Wilmington Bay Hawks batting - Pitching for Gryfindor Braves : LHP Jim Unknown
Batting: SHB José Martínez 0-0: Called Strike
0-1: Ball
1-1: Foul Ball, location: 2F
1-2: Strikes out looking
Batting: RHB Jason Nicholson 0-0: Called Strike
0-1: Ball
1-1: Foul Ball, location: 2F
1-2: Strikes out swinging
Batting: LHB Salvador Vidal 0-0: Called Strike
0-1: SINGLE (Groundball, 56)
Batting: LHB Steve Grimes 0-0: Foul Ball, location: 2F
Pickoff Throw to First - Out!
Bottom of the 5th over - 0 run(s), 1 hit(s), 0 error(s), 0 left on base; Gryfindor 0 - Wilmington 1
TOP OF THE 6TH
Gryfindor Braves batting - Pitching for Wilmington Bay Hawks : RHP Jim Unknown
Batting: SHB Jim Unknown 0-0: Ball
1-0: Fly out, F9 (Flyball, 9M)
Batting: LHB Jim Unknown 0-0: Foul Ball, location: 2F
0-1: Fly out, F8 (Flyball, 8LXD)
Batting: RHB António Santana 0-0: Called Strike
0-1: Ball
1-1: Foul Ball, location: 2F
1-2: Ball
2-2: Foul Ball, location: 2F
2-2: Ball
3-2: Foul Ball, location: 2F
3-2: Foul Ball, location: 2F
3-2: Fly out, F9 (Flyball, 9LM)
Top of the 6th over - 0 run(s), 0 hit(s), 0 error(s), 0 left on base; Gryfindor 0 - Wilmington 1
BOTTOM OF THE 6TH
Wilmington Bay Hawks batting - Pitching for Gryfindor Braves : LHP Jim Unknown
Batting: LHB Steve Grimes 0-0: Ball
1-0: Foul Ball, location: 2F
1-1: Foul Ball, location: 2F
1-2: Foul Ball, location: 2F
1-2: Ground out 4-3 (Groundball, 4)
Batting: LHB Jorge Mojica 0-0: Ball
1-0: Ball
2-0: Called Strike
2-1: Ball
3-1: Base on Balls
Batting: SHB Jim Unknown 0-0: Called Strike
0-1: Fly out, F8 (Flyball, 8LM)
Batting: LHB Denny Young 0-0: Ball
1-0: Fly out, F7 (Flyball, 7M)
Bottom of the 6th over - 0 run(s), 0 hit(s), 0 error(s), 1 left on base; Gryfindor 0 - Wilmington 1
TOP OF THE 7TH
Gryfindor Braves batting - Pitching for Wilmington Bay Hawks : RHP Jim Unknown
Batting: RHB Jim Unknown 0-0: Fly out, F6 (Popup, 6M)
Batting: SHB Jim Unknown 0-0: Ball
1-0: Ball
2-0: Called Strike
2-1: Ball
3-1: Fly out, F8 (Popup, 6MD)
Batting: RHB Turner Coleman 0-0: Swinging Strike
0-1: Ground out 4-3 (Groundball, 34)
Top of the 7th over - 0 run(s), 0 hit(s), 0 error(s), 0 left on base; Gryfindor 0 - Wilmington 1
BOTTOM OF THE 7TH
Wilmington Bay Hawks batting - Pitching for Gryfindor Braves : LHP Jim Unknown
Batting: RHB Jim Unknown 0-0: Ball
1-0: Foul Ball, location: 2F
1-1: SINGLE (Groundball, 34)
Pinch Hitting: SHB Felipe González 0-0: Bunted foul
0-1: Bunt - Flyout! F1
Batting: SHB José Martínez 0-0: Called Strike
0-1: Ball
1-1: Ball
2-1: Ball
3-1: Base on Balls
Jim Unknown to second
Batting: RHB Jason Nicholson 0-0: Called Strike
0-1: Ball
1-1: Ball
2-1: Ball
3-1: Base on Balls
Jim Unknown to third
José Martínez to second
Pinch Hitting: RHB Randolph Davis 0-0: Called Strike
0-1: Ball
1-1: Ball
2-1: SINGLE (Groundball, 6D)
Jim Unknown scores
José Martínez to third
Jason Nicholson to second
Batting: LHB Steve Grimes 0-0: Ball
1-0: Fly out, F5 (Popup, 5DF)
Batting: LHB Jorge Mojica 0-0: Foul Ball, location: 2F
0-1: Foul Ball, location: 2F
0-2: Ball
1-2: Fly out, F8 (Flyball, 8LM)
Bottom of the 7th over - 1 run(s), 2 hit(s), 0 error(s), 3 left on base; Gryfindor 0 - Wilmington 2
TOP OF THE 8TH
Gryfindor Braves batting - Pitching for Wilmington Bay Hawks : RHP Jim Unknown
Now at 1B: Felipe González
Now in LF: Randolph Davis
Batting: RHB Jim Unknown 0-0: Ball
1-0: Ball
2-0: SINGLE (Groundball, 56D)
Batting: RHB Jim Unknown 0-0: Called Strike
0-1: Foul Ball, location: 2F
0-2: DOUBLE (Line Drive, 89M)
Jim Unknown to third
Batting: LHB Jim Unknown 0-0: Ball
1-0: DOUBLE (Groundball, 5)
Jim Unknown scores
Jim Unknown scores
Batting: SHB Jim Unknown 0-0: Ball
1-0: Ball
2-0: Fly out, F8 (Flyball, 8LS)
Batting: LHB Jim Unknown 0-0: Intentional Walk
Batting: RHB António Santana 0-0: Called Strike
0-1: Grounds into double play, 6-4-3 (Groundball, 6)
Top of the 8th over - 2 run(s), 3 hit(s), 0 error(s), 1 left on base; Gryfindor 2 - Wilmington 2
BOTTOM OF THE 8TH
Wilmington Bay Hawks batting - Pitching for Gryfindor Braves : LHP Jim Unknown
Batting: SHB Jim Unknown 0-0: Ball
1-0: Ball
2-0: Ball
3-0: Called Strike
3-1: Foul Ball, location: 2F
3-2: Base on Balls
Batting: LHB Denny Young 0-0: Ball
1-0: Swinging Strike
1-1: Grounds into double play, 4-6-3 (Groundball, 4)
Batting: RHB Jim Unknown 0-0: Ball
1-0: Ball
2-0: Foul Ball, location: 2F
2-1: Foul Ball, location: 2F
2-2: Foul Ball, location: 2F
2-2: Ball
3-2: Fly out, F3 (Line Drive, 3L)
Bottom of the 8th over - 0 run(s), 0 hit(s), 0 error(s), 0 left on base; Gryfindor 2 - Wilmington 2
TOP OF THE 9TH
Gryfindor Braves batting - Pitching for Wilmington Bay Hawks : RHP Jim Unknown
Batting: RHB Jim Unknown 0-0: Foul Ball, location: 2F
0-1: Ground out 6-3 (Groundball, 6M)
Batting: SHB Jim Unknown 0-0: Fly out, F4 (Line Drive, 4)
Batting: RHB Turner Coleman 0-0: Foul Ball, location: 2F
0-1: Ball
1-1: Ball
2-1: Ball
3-1: Base on Balls
Pitching: RHP Jim Unknown
Batting: RHB Jim Unknown 0-0: Called Strike
0-1: Ball
1-1: Ball
2-1: Ground out 1-3 (Groundball, 13S)
Top of the 9th over - 0 run(s), 0 hit(s), 0 error(s), 1 left on base; Gryfindor 2 - Wilmington 2
BOTTOM OF THE 9TH
Wilmington Bay Hawks batting - Pitching for Gryfindor Braves : LHP Jim Unknown
Pinch Hitting: RHB Lawrence Bell 0-0: SOLO HOME RUN (Flyball, 7D), Distance : 388 ft
This league is powered by Out of the Park Baseball, the baseball management simulation game for PC, Mac and Linux
Friday, October 23rd, 2015 - OOTP Baseball 16.9 Build 39